 Dungeon Crawl Stone Soup version 0.29-a0-40-g8eb35efe60 (webtiles) character file.

Game seed: 10125252224061621629

70 psuckher the Sneak (level 4, 0/27 HPs)
             Began as a Kobold Brigand on Jan 24, 2022.
             Slain by Terence (3 damage)
             ... on level 2 of the Dungeon on Feb 1, 2022.
             The game lasted 00:09:19 (1850 turns).

psuckher the Sneak (Kobold Brigand)                 Turns: 1850, Time: 00:09:20

Health: 0/27       AC:  3    Str:  8    XL:     4   Next: 45%
Magic:  4/4        EV: 15    Int: 12    God:
Gold:   71         SH:  0    Dex: 18    Spells: 3/3 levels left

rFire   . . .      SeeInvis .   a - +2 dagger
rCold   . . .      Faith    .   (no shield)
rNeg    . . .      Spirit   .   b - +0 robe
rPois   .          Reflect  .   (no helmet)
rElec   .          Harm     .   c - +0 cloak
rCorr   .          Rampage  .   (no gloves)
Will    .....                   (no boots)
Stlth   ++++......              (no amulet)
HPRegen 0.09/turn               (no ring)
MPRegen 0.09/turn               (no ring)

@: no status effects
A: small, no large weapons, nightstalker 3
a: no special abilities


You were on level 2 of the Dungeon.
You visited 1 branch of the dungeon, and saw 2 of its levels.

You collected 71 gold pieces.

Inventory:

Hand Weapons
 a - a +2 dagger (weapon)
 f - a +0 hunting sling
 j - a +0 hand axe
Missiles
 d - 8 poisoned darts (quivered)
 e - 2 curare-tipped darts
Armour
 b - a +0 robe (worn)
 c - a +0 cloak (worn)
Jewellery
 h - a +6 ring of dexterity
Scrolls
 g - 3 scrolls of teleportation {unknown}
 k - a scroll of identify {unknown}
 m - a scroll of noise {unknown}
 n - a scroll of amnesia {unknown}
 o - a scroll of enchant armour {unknown}
Potions
 i - a potion of degeneration {unknown}
 l - 2 potions of magic {unknown}


   Skills:
 + Level 2.5 Fighting
 + Level 4.0 Short Blades
 + Level 2.3 Throwing
 + Level 2.2 Dodging
 + Level 6.3 Stealth


You had 3 spell levels left.
You didn't know any spells.
Your spell library contained the following spells:

 Spells                   Type           Power      Damage    Failure   Level
 Gell's Gravitas          Tloc           0%         N/A       69%         3
 Lesser Beckoning         Tloc           0%         N/A       69%         3
 Teleport Other           Tloc           0%         N/A       69%         3


Dungeon Overview and Level Annotations

Branches:
Dungeon (2/15)

Altars:

Annotations:
D:2 Terence


Innate Abilities, Weirdness & Mutations

You are small and have problems with some larger weapons.
You are completely attuned to the shadows.


Message History

Terence is lightly wounded.
Terence completely misses you.
You hit Terence but do no damage.
Terence is lightly wounded.
You hit Terence but do no damage.
Terence is lightly wounded.
Terence closely misses you.
You hit Terence.
Terence is lightly wounded.
Terence hits you with a +0 hand axe.
You hit Terence but do no damage. You punch Terence, but do no damage.
Terence is lightly wounded.
Terence closely misses you.
You hit Terence but do no damage.
Terence is lightly wounded.
Terence barely misses you.
You hit Terence but do no damage.
Terence is lightly wounded.
You closely miss Terence. You punch Terence, but do no damage.
Terence is lightly wounded.
Terence barely misses you.
You hit Terence.
Terence is moderately wounded.
Terence hits you with a +0 hand axe.
You hit Terence but do no damage.
Terence is moderately wounded.
Terence barely misses you.
You hit Terence.
Terence is heavily wounded.
Terence barely misses you.
You barely miss Terence.
Terence is heavily wounded.
You closely miss Terence.
Terence is heavily wounded.
Terence hits you with a +0 hand axe!
* * * LOW HITPOINT WARNING * * *
You hit Terence but do no damage.
Terence is heavily wounded.
Terence hits you with a +0 hand axe.
You die...

## #.### .# #.. ÷##
#...###.# #..
..######## ###.....#
#.÷
.).......######...###
#..
#..#####...##...#.#
#.. ##.#
###.##.###..... #...
.#.## ####....#
###### .... ....#
#....##.####
#.#.###.#####...@#
#.......# ####@...#
####.#...... .>....
#.#...... #######
#........ ##.#.....


You could see Terence.

Vanquished Creatures
  2 adders (D:2)
  4 bats
  2 endoplasms (D:1)
  3 giant cockroaches
  5 goblins
  5 hobgoblins
  11 jackals
  A quokka (D:2)
  2 ball pythons
  A frilled lizard (D:2)
  5 kobolds
  4 rats
45 creatures vanquished.

Notes
Turn   | Place    | Note
-------+----------+-------------------------------------------
     0 | D:1      | psuckher the Kobold Brigand began the quest for the Orb.
     0 | D:1      | Reached XP level 1. HP: 12/12 MP: 1/1
   109 | D:1      | Reached XP level 2. HP: 13/17 MP: 2/2
   254 | D:1      | Found a faded altar of an unknown god.
   523 | D:1      | Reached XP level 3. HP: 22/22 MP: 3/3
   527 | D:1      | Reached skill level 6 in Stealth
  1073 | D:2      | Reached XP level 4. HP: 13/27 MP: 4/4
  1616 | D:2      | Upgraded the game from 0.28-a0-1629-gf728b707aa to
                  | 0.29-a0-40-g8eb35efe60
  1827 | D:2      | Noticed Terence
  1850 | D:2      | Slain by Terence

Illustrated notes

Levels and vault maps discovered:
D:1:      dpeg_arrival_rooms_with_view, layout_rooms,
          shapermc_ecumenical_altar_totnotflames, kennysheep_minor_cross,
          minmay_misc_feat_ornament
D:2:      layout_rooms, basic_altar, uniq_terence

Skill      XL: |  1  2  3  4 |
---------------+-------------+-----
Short Blades   | 3 4 |  4.0
Stealth        | 6 |  6.3
Dodging        | 2 |  2.2
Fighting       | |  2.5
Throwing       | |  2.3

Action                   |  1- 3 |  4- 6 || total
-------------------------+-------+-------++-------
Melee: Dagger            |   119 |    85 ||   204
       Punch             |     2 |     4 ||     6
Throw: Dart              |       |     1 ||     1
  Use: Potion            |     2 |     1 ||     3
 Stab: Sleeping          |     9 |     3 ||    12
Armor: Robe              |    26 |    32 ||    58
Dodge: Dodged            |    84 |    97 ||   181

Table legend: (Time is in decaauts)
 A = Elapsed time spent in this place.
 B = Non-inter-level travel time spent in this place.
 C = Inter-level travel time spent in this place.
 D = Time resting spent in this place.
 E = Time spent auto-exploring this place.
 F = Levels seen in this place.
 G = Mean time per level.
                   A        B        C        D        E       F      G
               +--------+--------+--------+--------+--------+-----+--------+
         Total |   1816 |   1229 |    587 |      0 |      0 |   2 |  908.0 |
       Dungeon |   1816 |   1229 |    587 |      0 |      0 |   2 |  908.0 |
               +--------+--------+--------+--------+--------+-----+--------+

Top non-repeatable levels by time:
     D:1: 1351 daAuts
     D:2: 465 daAuts
